Map: Pillars of Gold LE

Players

Stats - Winner!

  • Race: Protoss Protoss
  • League: Grandmaster
  • Spawn Location: 7:00

Zest

  • Race: Protoss Protoss
  • League: Master
  • Spawn Location: 1:00

Event: TSL 6

VOD

Have the link to the VOD?

Description

Time

  • Played on: Dec. 18, 2020, 10:14 a.m.
  • Length: 11:40

All games in this series

Show
View Real Time Build Order
Export as new Build Order

Stats Protoss - Winner!

Build Orders: Phoenix Opening, Blink Stalkers 

Get SALT Encoding   

  12  0:00  Probe  
  13  0:12  Probe  
  14  0:18  Pylon  
  14  0:24  Probe (Chrono Boost)  
  15  0:36  Probe (Chrono Boost)  
  16  0:44  Gateway  
  16  0:45  Probe (Chrono Boost)  
  16  0:49  Assimilator  
  17  0:51  Probe  
  18  1:03  Probe (Chrono Boost)  
  19  1:06  Assimilator  
  19  1:15  Probe (Chrono Boost)  
  20  1:18  Pylon  
  20  1:21  Probe (Chrono Boost)  
  21  1:30  Probe  
  21  1:31  Cybernetics Core  
  22  1:37  Zealot  
  24  1:42  Probe  
  25  1:47  Pylon  
  25  1:55  Probe  
  26  2:05  Cybernetics Core  
  26  2:10  Probe  
  26  2:11  Stalker (Chrono Boost)  
  29  2:18  Warp Gate  
  29  2:34  Stalker  
  31  2:45  Nexus  
  31  2:52  Pylon  
  31  3:01  Twilight Council  
  31  3:10  Sentry, Probe  
  34  3:17  Gateway  
  34  3:22  Probe  
  35  3:29  Shield Battery  
  36  3:34  Probe  
  36  3:36  Sentry  
  36  3:40  Blink (Chrono Boost)  
  38  3:44  Phoenix  
  38  3:46  Probe (Chrono Boost)  
  39  3:57  Probe (Chrono Boost)  
  39  3:58  Probe (Chrono Boost)  
  41  4:07  Probe x2 (Chrono Boost)  
  43  4:12  Probe (Chrono Boost)  
  43  4:14  Probe (Chrono Boost)  
  45  4:17  Stalker x2  
  45  4:24  Assimilator, Probe (Chrono Boost)  
  50  4:26  Pylon  
  50  4:30  Probe (Chrono Boost)  
  52  4:31  Probe (Chrono Boost)  
  52  4:36  Probe  
  53  4:38  Probe  
  53  4:41  Forge  
  54  4:47  Phoenix  
  54  4:49  Probe  
  54  4:52  Sentry, Stalker  
  57  4:54  Probe  
  58  5:01  Probe  
  58  5:05  Nexus  
  59  5:08  Pylon  
  59  5:10  Probe  
  59  5:13  Probe  
  61  5:17  Pylon  
  61  5:20  Stalker  
  61  5:21  Phoenix  
  61  5:26  Probe x2  
  63  5:33  Stalker  
  63  5:35  Protoss Ground Weapons Level 1 (Chrono Boost)  
  65  5:37  Charge  
  65  5:38  Probe x2  
  67  5:44  Shield Battery  
  67  5:50  Probe x2  
  68  6:02  Probe x2 (Chrono Boost)  
  69  6:14  Probe x2 (Chrono Boost)  
  69  6:17  Pylon  
  71  6:20  Pylon  
  71  6:21  Probe (Chrono Boost)  
  71  6:22  Probe (Chrono Boost)  
  71  6:23  Probe (Chrono Boost)  
  74  6:26  Phoenix  
  74  6:27  Gateway  
  74  6:28  Gateway, Probe (Chrono Boost)  
  74  6:31  Probe x2 (Chrono Boost)  
  77  6:33  Robotics Facility, Probe (Chrono Boost)  
  77  6:38  Gateway  
  77  6:39  Gateway  
  78  6:40  Assimilator, Probe x2  
  78  6:45  Gateway x2  
  80  6:49  Probe  
  80  6:53  Probe x2  
  83  7:01  Probe  
  83  7:05  Probe x2  
  86  7:12  Pylon x2  
  86  7:13  Phoenix, Pylon  
  86  7:17  Nexus  
  86  7:18  Pylon  
  86  7:21  Observer  
  86  7:22  Robotics Bay, Robotics Facility  
  87  7:24  Probe x3  
  90  7:30  Protoss Ground Weapons Level 2 (Chrono Boost)  
  90  7:31  Photon Cannon  
  90  7:34  Photon Cannon  
  90  7:37  Photon Cannon  
  90  7:41  Shield Battery  
  90  7:43  Shield Battery  
  90  7:44  Immortal (Chrono Boost)  
  94  7:56  Zealot x4  
  102  8:00  Zealot x2  
  102  8:04  Zealot x2  
  106  8:11  Probe x3, Disruptor (Chrono Boost)  
  107  8:14  Disruptor (Chrono Boost)  
  113  8:25  Probe  
  113  8:26  Probe x2  
  116  8:29  Stalker  
  116  8:30  Stalker x2  
  116  8:31  Stalker  
  124  8:40  Probe x4  
  128  8:41  Disruptor  
  131  8:49  Zealot x4  
  131  8:53  Disruptor  
  141  8:58  Zealot x2  
  145  9:04  Stalker x2  
  148  9:15  Zealot x3  
  148  9:16  Zealot  
  148  9:23  Zealot x2  
  140  9:24  Disruptor (Chrono Boost)  
  140  9:28  Disruptor (Chrono Boost)  
  140  9:29  Observer  
  134  9:33  Stalker  
  134  9:34  Stalker  
  132  9:41  Stalker x4  
  140  9:49  Stalker  
  140  9:51  Stalker  
  144  9:54  Disruptor (Chrono Boost)  
  144  9:57  Warp Prism (Chrono Boost)  
  149  10:04  Stalker x5  
  154  10:12  Stalker  
  154  10:13  Stalker, Photon Cannon  
  156  10:14  Shield Battery  
  156  10:19  Pylon  
  156  10:21  Pylon  
  156  10:22  Pylon  
  156  10:24  Pylon  
  152  10:36  Stalker x2  
  156  10:47  Stalker x5  
  156  10:48  Stalker  
  164  11:00  Assimilator  
  164  11:01  Assimilator, Pylon  
  164  11:02  Photon Cannon  
  164  11:08  Nexus  
  164  11:09  Pylon  
  157  11:37  Stalker x3  
Show
View Real Time Build Order
Export as new Build Order

Zest Protoss 

Build Orders: Phoenix Opening 

Get SALT Encoding   

  12  0:00  Probe  
  13  0:12  Probe  
  14  0:18  Pylon  
  14  0:24  Probe (Chrono Boost)  
  15  0:36  Probe (Chrono Boost)  
  15  0:39  Gateway  
  16  0:45  Probe (Chrono Boost)  
  16  0:48  Assimilator  
  17  0:51  Probe  
  18  0:58  Assimilator  
  18  1:03  Probe (Chrono Boost)  
  19  1:10  Pylon  
  19  1:14  Probe (Chrono Boost)  
  20  1:19  Probe (Chrono Boost)  
  21  1:28  Zealot  
  21  1:29  Probe  
  24  1:33  Cybernetics Core  
  24  1:41  Probe  
  24  1:46  Pylon  
  25  1:53  Probe  
  26  2:05  Probe  
  26  2:08  Stalker (Chrono Boost)  
  27  2:11  Warp Gate  
  29  2:22  Stargate  
  28  2:45  Nexus  
  28  2:49  Probe  
  29  2:56  Pylon  
  29  3:05  Phoenix (Chrono Boost)  
  31  3:14  Probe  
  32  3:23  Phoenix (Chrono Boost)  
  32  3:26  Probe  
  35  3:38  Probe  
  36  3:45  Phoenix, Robotics Facility  
  38  3:53  Probe (Chrono Boost)  
  39  3:57  Probe (Chrono Boost)  
  41  4:05  Sentry  
  41  4:07  Probe x2 (Chrono Boost)  
  44  4:14  Probe (Chrono Boost)  
  44  4:16  Probe (Chrono Boost)  
  46  4:19  Pylon  
  46  4:24  Shield Battery, Probe (Chrono Boost)  
  48  4:26  Probe (Chrono Boost)  
  48  4:29  Probe (Chrono Boost)  
  49  4:36  Probe  
  49  4:37  Observer  
  51  4:41  Probe  
  51  4:42  Twilight Council  
  51  4:44  Forge  
  52  4:48  Probe  
  53  4:53  Assimilator, Probe  
  53  4:59  Assimilator, Immortal  
  58  5:00  Probe  
  59  5:08  Gateway  
  59  5:09  Gateway  
  59  5:10  Blink (Chrono Boost)  
  59  5:12  Probe x2  
  61  5:21  Protoss Ground Weapons Level 1 (Chrono Boost)  
  61  5:26  Probe  
  62  5:29  Pylon  
  62  5:43  Nexus  
  62  5:47  Probe  
  62  5:48  Pylon, Observer  
  63  5:52  Immortal  
  63  5:54  Probe  
  68  6:01  Probe  
  68  6:03  Observer  
  69  6:08  Sentry x2, Stalker  
  76  6:11  Probe  
  76  6:13  Probe  
  76  6:16  Pylon  
  77  6:22  Shield Battery  
  77  6:32  Probe  
  78  6:34  Immortal (Chrono Boost), Probe  
  78  6:37  Pylon  
  83  6:45  Stalker  
  85  6:49  Pylon  
  85  6:56  Stalker x2  
  85  6:58  Gateway  
  85  6:59  Gateway  
  89  7:09  Immortal (Chrono Boost)  
  89  7:13  Probe x3  
  96  7:17  Gateway  
  96  7:18  Gateway  
  96  7:21  Observer  
  96  7:31  Stalker x3  
  96  7:33  Pylon  
  96  7:34  Probe  
  103  7:39  Warp Prism (Chrono Boost)  
  105  7:54  Pylon  
  105  7:55  Pylon  
  105  7:56  Stalker x5  
  115  8:23  Stalker x7  
  129  8:28  Dark Shrine  
  129  8:36  Pylon  
  129  8:38  Pylon  
  129  8:53  Stalker x2  
  129  8:54  Stalker x3  
  129  8:55  Stalker x2  
  127  9:20  Stalker x7  
  116  9:44  Stalker x3  
  116  9:45  Stalker x4  
  130  9:48  Pylon  
  130  9:50  Assimilator  
  130  9:55  Assimilator  
  122  10:10  Stalker x2  
  122  10:11  Stalker x5  
  132  10:35  Stalker x7  
  140  10:56  Stalker  
  140  10:57  Stalker x6  
  148  11:05  Observer (Chrono Boost)  
  149  11:17  Stalker  
  149  11:18  Stalker x3  
Tags
 
Add a new tag
Caveats
  • Supply blocks, unpowered buildings, or Contaminate may cause inaccurate times.
  • Supply counts are checked every 10 seconds.